 Dungeon Crawl Stone Soup version 0.30-a0-51-g784eafce7f (webtiles) character file.

Game seed: 16789228803870829474

15057 frimble the Fighter (level 11, -1/90 HPs)
             Began as a Demonspawn Cinder Acolyte on Sept 6, 2022.
             Was a High Priest of Ignis.
             Slain by a wolf spider simulacrum (32 damage)
             ... on level 12 of the Dungeon.
             The game lasted 00:19:28 (13353 turns).

frimble the Fighter (Demonspawn Cinder Acolyte)    Turns: 13353, Time: 00:19:28

Health: -1/90      AC:  8    Str: 15    XL:     11   Next: 96%
Magic:  10/14      EV: 13    Int: 24    God:    Ignis [*****.]
Gold:   1748       SH: 14    Dex: 10    Spells: 1/15 levels left

rFire   + . .      SeeInvis +    A - +8 trident of the Octopus King {venom, rElec rPois}
rCold   . . .      Faith    .    O - +1 buckler {rN+}
rNeg    + . .      Spirit   .    N - +2 troll leather armour
rPois   +          Reflect  +    b - +0 hat {SInv}
rElec   +          Harm     .    (no cloak)
rCorr   .          Rampage  .    n - +0 pair of gloves
Will    .....                    y - +0 pair of boots
Stlth   +.........               l - amulet of reflection
HPRegen 1.05/turn                r - +4 ring of slaying
MPRegen 0.14/turn                t - ring of poison resistance

@: lethally poisoned (-1 -> -1)
A: horns 1, foul stench 2, big brain 3, condensation shield
a: Renounce Religion, Fiery Armour, Foxfire Swarm, Rising Flame


You were on level 12 of the Dungeon.
You worshipped Ignis.
Ignis was extremely pleased with you.
You visited 1 branch of the dungeon, and saw 12 of its levels.
You also visited: Sewer.

You collected 1748 gold pieces.

Inventory:

Hand Weapons
 A - the +8 trident of the Octopus King (weapon) {venom, rElec rPois}
   (You found it on level 5 of the Dungeon)

   It poisons the flesh of those it strikes.
   rElec:     It insulates you from electricity.
   rPois:     It protects you from poison.
 F - a +1 demon whip of venom
 M - a +4 scimitar of freezing
Missiles
 i - 3 throwing nets
 w - 2 curare-tipped darts
Armour
 b - a +0 hat of see invisible (worn)
 n - a +0 pair of gloves (worn)
 y - a +0 pair of boots (worn)
 N - a +2 troll leather armour (worn)
 O - a +1 buckler of positive energy (worn)
Jewellery
 l - an amulet of reflection (around neck)
 p - a ring of ice
 r - a +4 ring of slaying (left hand)
 t - a ring of poison resistance (right hand)
 v - an amulet of magic regeneration
 D - a ring of magical power
 P - a ring of ice
Wands
 h - a wand of light (2)
 u - a wand of digging (7)
 C - a wand of polymorph (25)
 H - a wand of roots (7)
 I - a wand of charming (22)
 K - a wand of mindburst (12)
Scrolls
 c - a scroll of magic mapping
 j - 3 scrolls of teleportation
 m - 4 scrolls of fear
 s - 2 scrolls of blinking
 E - 2 scrolls of poison
 G - 3 scrolls of amnesia
 J - 2 scrolls of enchant weapon
 Q - a scroll of identify
 R - 3 scrolls of immolation
Potions
 a - 2 potions of cancellation
 d - 2 potions of magic
 e - 5 potions of might
 f - 2 potions of invisibility
 g - 9 potions of curing
 k - 5 potions of heal wounds
 o - a potion of haste
 q - a potion of attraction
 x - a potion of flight
 z - 2 potions of lignification
 B - a potion of mutation {unknown}
 L - a potion of brilliance
 S - a potion of degeneration {unknown}


   Skills:
 - Level 9.8 Fighting
 - Level 8.6 Polearms
 - Level 7.7 Dodging
 + Level 4.7 Shields
 - Level 4.0 Unarmed Combat
 + Level 2.6 Spellcasting
 + Level 1.4 Transmutations
 - Level 4.6 Fire Magic
 + Level 1.4 Earth Magic
 - Level 4.1 Poison Magic
 - Level 7.0 Evocations


You had one spell level left.
You knew the following spells:

 Your Spells              Type           Power      Damage    Failure   Level
a - Scorch                Fire           50%        2d8       1%          2
b - Passwall              Tmut/Erth      8%         N/A       6%          2
c - Olgreb's Toxic Radia  Pois           22%        N/A       13%         4
d - Statue Form           Tmut/Erth      6%         N/A       99%         6

Your spell library contained the following spells:

 Spells                   Type           Power      Damage    Failure   Level
 Sting                    Tmut/Pois      64%        1d6       2%          1
 Freeze                   Ice            12%        1d4       8%          1
 Poisonous Vapours        Pois/Air       26%        N/A       4%          2
 Spider Form              Tmut/Pois      16%        N/A       7%          3
 Ensorcelled Hibernation  Hex/Ice        6%         N/A       12%         2
 Frozen Ramparts          Ice            6%         1d1       22%         3
 Swiftness                Air            3%         N/A       22%         3
 Petrify                  Tmut/Erth      10%        N/A       36%         4
 Anguish                  Hex/Necr       1%         N/A       56%         4
 Hailstorm                Conj/Ice       3%         3d3       56%         4
 Metabolic Englaciation   Hex/Ice        1%         N/A       87%         5


Dungeon Overview and Level Annotations

Branches:
Dungeon (12/15)            Temple (0/1) D:4            Lair (0/5) D:10
    Orc (0/2) D:9           Sewer (visited)

Altars:
Hepliaklqana
Kikubaaqudgha
Uskayaw
Wu Jian

Shops:
D:5 (   D:11 *

Annotations:
D:3 3 runed translucent doors, xian's ghost, amateur DsFi


Innate Abilities, Weirdness & Mutations

You have a pair of small horns on your head.
You sometimes emit foul miasma when damaged in melee.
You have an absolutely massive brain. (Int +6, Wiz)
A meltable shield of frost defends you. (SH +4)


Message History

You feel very sick.
The tengu warrior hits you with a +1 war axe of venom!
You block the tengu warrior's attack. The tengu warrior claws you.
You emit a cloud of foul miasma!
You are too injured to fight recklessly!
Okay, then.
Unknown command.
You are too injured to fight recklessly!
You puncture the tengu warrior!
You kill the tengu warrior!
You feel sick.
You puncture the wolf spider simulacrum!
The wolf spider simulacrum is moderately damaged.
You feel sick.
The wolf spider simulacrum closely misses you.
You block the wolf spider simulacrum's attack.
The rakshasa blinks!
Casting: Scorch (safe; 1% risk of failure)
Press: ? - help, Q - select action, (/) - cycle Dir - look around, f - activate Flames lash the wolf spider simulacrum.
The wolf spider simulacrum melts!
The wolf spider simulacrum is severely damaged.
The wolf spider simulacrum's fire resistance burns away.
You feel sick.
You block the wolf spider simulacrum's attack.
The wolf spider simulacrum bites you but does no damage.
You block the wolf spider simulacrum's attack.
The wolf spider simulacrum bites you but does no damage.
Casting: Scorch (safe; 1% risk of failure)
Press: ? - help, Q - select action, (/) - cycle Dir - look around, f - activate Flames lash the yak.
The yak is lightly wounded.
The yak's fire resistance burns away.
You feel sick.
The wolf spider simulacrum barely misses you.
The wolf spider simulacrum bites you. The wolf spider simulacrum freezes you!
You puncture the wolf spider simulacrum!
The wolf spider simulacrum is almost destroyed.
You feel sick. The wolf spider simulacrum hits you!
The wolf spider simulacrum freezes you!!
You die... ## ##. ##. =:B

........##.. #?#
........#...###..##
........#.R.B...Y.#
.......##........#
#.....####Z###
#.....##...@.##
#...#.......# ..
#####...#.......#########..
##..####....................
#....#.................#...
##.......................#
##................[....#
#.......#............#### #
##......................##.#


You could see a boulder beetle, a rakshasa and a wolf spider simulacrum
(combustible).

Vanquished Creatures
  Gastronok (D:9)
  2 two-headed ogres (D:9)
  2 tengu warriors
  A death yak (D:9)
  Amaemon (D:8)
  A manticore (D:12)
  A gargoyle (D:11)
  An orange demon (D:8)
  Joseph (D:8)
  2 unseen horrors (D:11)
  A tengu conjurer (D:11)
  3 trolls
  A slime creature (D:12)
  2 shadows
  2 wraiths (D:12)
  21 yaks
  A steam dragon (D:6)
  Edmund (D:5)
  3 water moccasins
  An acid dragon (D:11)
  Duvessa (D:7)
  An ice beast (D:6)
  2 orc warriors
  A black bear (D:7)
  2 ogres (D:5)
  4 centaurs
  3 kobold brigands
  3 bullfrogs
  A scorpion (D:7)
  2 necrophages (D:6)
  10 wights
  Dowan (D:7)
  3 howler monkeys
  7 orc priests
  2 jellies
  3 gnoll boudas
  4 hounds
  Jessica (D:3)
  An iguana (D:4)
  9 orc wizards
  Ijyb (D:3)
  2 hell rats (D:10)
  11 gnolls
  16 adders
  5 river rats
  3 white imps
  An ufetubus (D:6)
  3 worms
  30 orcs
  6 ball pythons
  6 endoplasms
  2 giant cockroaches
  8 goblins
  7 hobgoblins
  5 jackals
  9 kobolds
  5 quokkas
  7 bats
  8 frilled lizards
  8 rats
253 creatures vanquished.

Vanquished Creatures (others)
  A kobold (D:9)
  20 plants
21 creatures vanquished.

Grand Total: 274 creatures vanquished

Notes
Turn   | Place    | Note
-------+----------+-------------------------------------------
     0 | D:1      | frimble the Demonspawn Cinder Acolyte began the quest for
                  | the Orb.
     0 | D:1      | Reached XP level 1. HP: 18/18 MP: 2/2
   525 | D:1      | Gained mutation: You may rarely emit foul miasma when
                  | damaged in melee. [demonic ancestry]
   525 | D:1      | Reached XP level 2. HP: 10/24 MP: 3/3
   799 | D:1      | Learned a level 2 spell: Scorch
  1962 | D:1      | Found a faded altar of an unknown god.
  2152 | D:2      | Gained mutation: You have an unusually large brain. (Int
                  | +2) [demonic ancestry]
  2152 | D:2      | Reached XP level 3. HP: 28/29 MP: 2/5
  2477 | D:2      | Reached XP level 4. HP: 32/35 MP: 3/6
  3196 | D:3      | Noticed Ijyb
  3211 | D:3      | Killed Ijyb
  3252 | D:3      | Reached XP level 5. HP: 22/42 MP: 0/8
  3269 | D:3      | Reached skill level 4 in Fighting
  3392 | D:3      | Found a glowing drain.
  3399 | Sewer    | Entered a sewer
  3794 | Sewer    | Gained mutation: You have an extremely huge brain. (Int +4)
                  | [demonic ancestry]
  3794 | Sewer    | Reached XP level 6. HP: 46/49 MP: 6/9
  3856 | Sewer    | Reached skill level 1 in Dodging
  4539 | D:3      | Found a runed translucent gate.
  4539 | D:3      | Found a runed translucent gate.
  4542 | D:3      | Noticed xian's ghost (amateur DsFi)
  4575 | D:3      | Found a runed translucent gate.
  4585 | D:3      | Noticed Jessica
  4596 | D:3      | Killed Jessica
  5203 | D:4      | Reached skill level 5 in Fighting
  5390 | D:4      | Found a staircase to the Ecumenical Temple.
  5411 | D:4      | Gained mutation: You sometimes emit foul miasma when
                  | damaged in melee. [demonic ancestry]
  5411 | D:4      | Reached XP level 7. HP: 56/56 MP: 10/10
  5869 | D:5      | Entered Level 5 of the Dungeon
  6042 | D:5      | Found the +8 trident of the Octopus King {venom, rElec
                  | rPois}
  6073 | D:5      | Reached skill level 1 in Polearms
  6470 | D:5      | Noticed Edmund
  6478 | D:5      | Killed Edmund
  6626 | D:5      | Gained mutation: You have a pair of small horns on your
                  | head. [demonic ancestry]
  6626 | D:5      | Reached XP level 8. HP: 62/62 MP: 11/11
  6911 | D:5      | Found Keegef's Weapon Emporium.
  7003 | D:6      | Reached skill level 5 in Polearms
  7075 | D:6      | Learned a level 2 spell: Passwall
  7797 | D:7      | Noticed Dowan
  7815 | D:7      | Killed Dowan
  7842 | D:7      | Noticed Duvessa
  7847 | D:7      | Killed Duvessa
  7848 | D:7      | Gained mutation: A meltable shield of frost defends you.
                  | (SH +4) [demonic ancestry]
  7848 | D:7      | Reached XP level 9. HP: 53/68 MP: 9/12
  7977 | D:7      | Identified a scroll of acquirement
  7977 | D:7      | Acquired 1043 gold pieces
  8052 | D:7      | Reached skill level 1 in Evocations
  8520 | D:8      | Noticed Amaemon
  8520 | D:8      | Noticed an orange demon
  8542 | D:8      | Killed Amaemon
  8543 | D:8      | Reached skill level 5 in Evocations
  8551 | D:8      | Killed an orange demon
  9001 | D:8      | Noticed Joseph
  9016 | D:8      | Killed Joseph
  9017 | D:8      | Gained mutation: You have an absolutely massive brain. (Int
                  | +6, Wiz) [demonic ancestry]
  9017 | D:8      | Reached XP level 10. HP: 23/76 MP: 13/13
  9322 | D:8      | Reached skill level 6 in Fighting
  9402 | D:8      | Found a hazy altar of Hepliaklqana.
  9841 | D:9      | Found a staircase to the Orcish Mines.
  9856 | D:9      | Noticed a two-headed ogre
  9875 | D:9      | Killed a two-headed ogre
  9876 | D:9      | Reached skill level 7 in Fighting
  9915 | D:9      | Noticed a two-headed ogre
  9916 | D:9      | Identified the +3 leather armour of Calculation {Int+4}
  9922 | D:9      | Found an ancient bone altar of Kikubaaqudgha.
  9932 | D:9      | Killed a two-headed ogre
  9933 | D:9      | Reached skill level 5 in Dodging
  9982 | D:9      | Reached skill level 8 in Fighting
 10159 | D:9      | Noticed Gastronok
 10176 | D:9      | Killed Gastronok
 10177 | D:9      | Reached XP level 11. HP: 44/87 MP: 14/14
 10529 | D:9      | Reached skill level 9 in Fighting
 11012 | D:10     | Entered Level 10 of the Dungeon
 11012 | D:10     | Noticed a death yak
 11012 | D:10     | Noticed a death yak
 11012 | D:10     | Noticed a death yak
 11012 | D:10     | Found a staircase to the Lair.
 11026 | D:9      | Killed a death yak
 11576 | D:10     | Found a hide-covered altar of Uskayaw.
 11578 | D:10     | Found an ornate altar of the Wu Jian Council.
 11704 | D:11     | Learned a level 4 spell: Olgreb's Toxic Radiance
 11875 | D:11     | Reached skill level 1 in Poison Magic
 11895 | D:11     | Noticed a tengu warrior
 11905 | D:11     | Killed a tengu warrior
 11939 | D:11     | Found Fear's Overcharged Wands.
 11967 | D:11     | Reached skill level 1 in Shields
 12768 | D:10     | Learned a level 6 spell: Statue Form
 13319 | D:12     | Reached skill level 1 in Transmutations
 13319 | D:12     | Reached skill level 1 in Earth Magic
 13335 | D:12     | Noticed a boulder beetle
 13336 | D:12     | Noticed a tengu warrior
 13345 | D:12     | Noticed a rakshasa
 13349 | D:12     | Killed a tengu warrior
 13353 | D:12     | Slain by a wolf spider simulacrum

Illustrated notes

Levels and vault maps discovered:
D:1:      scummos_arrival_forest, layout_loops_corners,
          shapermc_ecumenical_altar_notcrosses, serial_aquarium,
          aquarium_bridge_long_joined [aquarium_subvault_wall,
          aquarium_subvault_bridge, aquarium_subvault_window,
          aquarium_subvault_wall, aquarium_subvault_wall,
          aquarium_subvault_wall], aquarium_bridge_square
          [aquarium_subvault_window, aquarium_subvault_window,
          aquarium_subvault_bridge, aquarium_subvault_window],
          aquarium_window_double, aquarium_window_1, aquarium_view_2b,
          aquarium_balcony_1a, minmay_splitting_lines, serial_bayou_crossing
D:2:      layout_rooms, minmay_pentomino_x4
D:3:      layout_basic, lightli_sewer_entry_pipes, ebering_ghost_rock_garden,
          grunt_ministairs_2, nicolae_figureground_pulse, uniq_jessica,
          uniq_ijyb
D:4:      layout_cave_pools, minmay_temple_entry_crystal_x,
          serial_park_tiny_pond, kennysheep_generic_room_11
D:5:      layout_basic, nicolae_overflow_crystal_walls, serial_shops, shop,
          uniq_edmund
D:6:      layout_basic, hellmonk_bongcloud_opening, nicolae_grassy_gnolls
D:7:      layout_cave_pools, uniq_duvessa
D:8:      layout_rooms, nicolae_hepliaklqana_hazy_memory, uniq_amaemon,
          uniq_joseph
D:9:      layout_cave_pools, old_standard_altar, kiku_gazebo_pond_becter,
          skrybe_limestone_x, uniq_gastronok
D:10:     layout_long_grid, minitemple, dpeg_lair_monsters,
          kennysheep_opposing_triangles
D:11:     layout_stronghold, nicolae_shop_overcharged_wands
D:12:     minmay_curly_fans, layout_cave_pools, hangedman_cracks_in_the_wall

Skill      XL: |  1  2  3  4  5  6  7  8  9 10 11 |
---------------+----------------------------------+-----
Fire Magic     | 3 4 |  4.6
Unarmed Combat | 3 4 |  4.0
Spellcasting   | 2 |  2.6
Fighting       | 4 5 8 9 |  9.8
Dodging        | 2 3 6 7 |  7.7
Polearms       | 4 8 |  8.6
Evocations     | 7 |  7.0
Poison Magic   | 4 |  4.1
Shields        | 4 |  4.7
Transmutations | 1 |  1.4
Earth Magic    | 1 |  1.4

Action                   |  1- 3 |  4- 6 |  7- 9 | 10-12 || total
-------------------------+-------+-------+-------+-------++-------
Melee: Unarmed           |   105 |   168 |    21 |       ||   294
       Punch             |     2 |     3 |     3 |     9 ||    17
       Trident           |       |       |   182 |   292 ||   474
       Headbutt          |       |       |    17 |    61 ||    78
 Cast: Scorch            |    16 |    35 |     8 |     6 ||    65
Invok: Fiery Armour      |       |       |       |     1 ||     1
Evoke: Wand              |       |       |     4 |     1 ||     5
  Use: Scroll            |     3 |    12 |     8 |     3 ||    26
       Potion            |       |       |     2 |     1 ||     3
Armor: Robe              |    31 |     5 |       |       ||    36
       Leather armour    |       |    25 |    31 |    17 ||    73
       Troll leather arm |       |       |       |    18 ||    18
Dodge: Dodged            |    85 |    80 |    62 |    72 ||   299
Block: Other             |       |    37 |    38 |    80 ||   155
       Reflection        |       |       |     3 |     8 ||    11
       Buckler           |       |       |       |    42 ||    42

Table legend: (Time is in decaauts)
 A = Elapsed time spent in this place.
 B = Non-inter-level travel time spent in this place.
 C = Inter-level travel time spent in this place.
 D = Time resting spent in this place.
 E = Time spent auto-exploring this place.
 F = Levels seen in this place.
 G = Mean time per level.
                   A        B        C        D        E       F      G
               +--------+--------+--------+--------+--------+-----+--------+
         Total |  13504 |  13027 |    477 |    196 |  10611 |  13 | 1038.8 |
       Dungeon |  12439 |  11962 |    477 |    196 |   9744 |  12 | 1036.6 |
         Sewer |   1065 |   1065 |      0 |      0 |    867 |   1 | 1065.0 |
               +--------+--------+--------+--------+--------+-----+--------+

Top non-repeatable levels by time:
     D:1: 2072 daAuts
     D:9: 1399 daAuts
     D:3: 1204 daAuts
    D:10: 1194 daAuts
     D:5: 1101 daAuts
   Sewer: 1065 daAuts
     D:2: 982 daAuts
     D:8: 972 daAuts
    D:11: 942 daAuts
     D:7: 898 daAuts
     D:6: 819 daAuts
     D:4: 730 daAuts
    D:12: 120 daAuts
